 Dungeon Crawl Stone Soup version 0.29-a0-333-gb4c28e87c6 (webtiles) character file.

Game seed: 18357622415551756586

2121 GordonOverkill the Archer (level 9, -7/52 HPs)
             Began as a Deep Elf Hunter on Apr 13, 2022.
             Was an Initiate of Ashenzari.
             Mangled by an ice beast (12 damage)
             ... on level 6 of the Dungeon.
             The game lasted 00:14:38 (10742 turns).

GordonOverkill the Archer (Deep Elf Hunter)        Turns: 10742, Time: 00:14:39

Health: -7/52      AC:  7    Str: 12    XL:     9   Next: 8%
Magic:  11/11      EV: 11    Int: 15    God:    Ashenzari [......]
Gold:   305        SH:  0    Dex: 18    Spells: 8/8 levels left

rFire   . . .      SeeInvis .   b - +9 whip of Toama {vamp, rElec Will+}
rCold   . . .      Faith    .   (no shield)
rNeg    . . .      Spirit   .   m - +0 ring mail "Adversity of Ashenzari" {Cun, Evo} (curse)
rPois   .          Reflect  .   (no helmet)
rElec   +          Harm     .   (no cloak)
rCorr   .          Rampage  .   (no gloves)
Will    +....                   d - +0 pair of boots
Stlth   +.........              (no amulet)
HPRegen 0.17/turn               (no ring)
MPRegen 0.12/turn               (no ring)

@: lethally poisoned (-7 -> -9)
A: no striking features
a: Renounce Religion, Shatter the Chains


You were on level 6 of the Dungeon.
You worshipped Ashenzari.
Ashenzari was noncommittal.
You visited 2 branches of the dungeon, and saw 7 of its levels.

You collected 365 gold pieces.
You spent 60 gold pieces at shops.

Inventory:

Hand Weapons
 a - a +1 shortbow
 b - the +9 whip of Toama (weapon) {vamp, rElec Will+}
   (You took it off Blork the orc on level 5 of the Dungeon)

   It occasionally heals its wielder for a portion of the damage dealt when it
   wounds a living foe.
   rElec:     It insulates you from electricity.
   Will:      It increases your willpower.
Armour
 d - a +0 pair of boots (worn)
 m - the cursed +0 ring mail "Adversity of Ashenzari" (worn) {Cun, Evo}
   (You took it off a hobgoblin on level 2 of the Dungeon)

   It has a curse which improves the following skills: Cunning: Dodging and
   Stealth.
   Evocations: Evocations.
 r - a +3 leather armour
Jewellery
 e - an amulet of regeneration
 j - an amulet of faith
 k - a ring of protection from cold
 s - a ring of protection from cold
 u - a ring of see invisible
Wands
 q - a wand of flame (10)
Scrolls
 c - a scroll of immolation
 g - 4 scrolls of identify
 h - a scroll of fog
 i - a scroll of blinking {unknown}
 n - 3 scrolls of teleportation
 t - a scroll of enchant armour {unknown}
Potions
 f - a potion of brilliance
 l - 2 potions of magic
 o - a potion of cancellation
 p - a potion of haste


   Skills:
 - Level 4.0 Fighting
 + Level 5.1 Maces & Flails
 - Level 9.0 Bows
 - Level 4.0 Armour
 - Level 2.4(2.8) Dodging
 - Level 1.2(1.5) Stealth
 - Level 4.7(5.2) Evocations


You had 8 spell levels left.
You didn't know any spells.
Your spell library contained the following spells:

 Spells                   Type           Power      Damage    Failure   Level
 Magic Dart               Conj           0%         1d3       50%         1
 Call Imp                 Summ           0%         N/A       65%         2
 Inner Flame              Hex/Fire       0%         N/A       86%         3
 Mephitic Cloud           Conj/Pois/Air  0%         N/A       86%         3
 Airstrike                Air            0%         N/A       99%         4
 Cause Fear               Hex            0%         N/A       99%         4
 Summon Lightning Spire   Summ/Air       0%         N/A       99%         4
 Lightning Bolt           Conj/Air       0%         1d11      100%        5
 Discord                  Hex            0%         N/A       100%        8


Dungeon Overview and Level Annotations

Branches:
Dungeon (6/15)             Temple (1/1) D:4

Altars:
Ashenzari
Cheibriados
Dithmenos
Elyvilon
Fedhas
Gozag
Hepliaklqana
Kikubaaqudgha
Makhleb
Nemelex Xobeh
Okawaru
Qazlal
Ru
Sif Muna
Trog
Uskayaw
Vehumet
Wu Jian
Xom
Yredelemnul
Zin
The Shining One

Shops:
D:2 *


Message History

You closely miss the kobold.
The kobold is heavily wounded.
You feel sick.
The kobold shouts!
The kobold barely misses you.
You hit the kobold.
You feel better.
You kill the kobold!
You feel sick.
You closely miss the kobold.
You feel sick. The kobold hits you but does no damage.
You are more poisoned.
You hit the kobold.
You feel better.
The kobold is heavily wounded.
You feel sick.
You hit the kobold.
You feel better.
You kill the kobold!
You feel sick.
A kobold comes into view. It is wielding a +0 dagger.
A centaur comes into view.
Okay, then.
Okay, then.
The kobold shouts!
You hit the ice beast.
The ice beast is lightly wounded.
You feel sick.
A kobold brigand comes into view.
It is wielding a +0 dagger and quivering poisoned darts.
The ice beast hits you.
* * * LOW HITPOINT WARNING * * *
The ice beast freezes you!
* * * LOW HITPOINT WARNING * * *
You closely miss the ice beast.
The ice beast is lightly wounded.
You feel sick.
The ice beast hits you but does no damage.
You hit the ice beast.
The ice beast is moderately wounded.
You feel sick. The ice beast hits you.
* * * LOW HITPOINT WARNING * * *
The ice beast freezes you!
You die...

#........................
##.########.#############.
....#######.#
.#..<.......#
.#......######
.#......#....#
.#.........#.# .
.#.#...##..#.#######c...
.#>+..........))@YSKK.K.
.###...###.#.#######K...
.#...<........# .
.#.##.#####...#
.#.##.........#
.#.############ .#.#.....#
.#.#.###.# .#.......#


You could see an ice beast, a kobold brigand, a centaur, an adder and 3 kobolds.

Vanquished Creatures
  Pikel (D:5)
  Prince Ribbit (D:5)
  Sigmund (D:5)
  A water moccasin (D:5)
  An ice beast (D:4)
  A kobold brigand (D:5)
  Blork the orc (D:5)
  2 scorpions
  A howler monkey (D:5)
  2 hounds (D:4)
  2 jellies
  3 orc priests
  A gnoll shaman (D:4)
  Terence (D:3)
  Natasha (thrice) (D:2)
  2 iguanas (D:4)
  7 orc wizards
  11 gnolls
  6 adders
  3 dart slugs
  A worm (D:2)
  17 orcs
  2 ball pythons
  3 bats (D:3)
  8 endoplasms
  2 giant cockroaches (D:2)
  7 goblins
  8 hobgoblins
  4 jackals
  3 quokkas
  7 frilled lizards
  20 kobolds
  7 rats
140 creatures vanquished.

Vanquished Creatures (others)
  2 fungi (D:3)
  4 toadstools (D:3)
6 creatures vanquished.

Grand Total: 146 creatures vanquished

Notes
Turn   | Place    | Note
-------+----------+-------------------------------------------
     0 | D:1      | GordonOverkill the Deep Elf Hunter began the quest for the
                  | Orb.
     0 | D:1      | Reached XP level 1. HP: 12/12 MP: 3/3
   683 | D:1      | Reached XP level 2. HP: 16/16 MP: 4/4
   685 | D:1      | Reached skill level 6 in Bows
  1233 | D:1      | Reached XP level 3. HP: 20/20 MP: 5/5
  1505 | D:2      | Found Runn's General Store.
  1508 | D:2      | Bought a scroll of identify for 24 gold pieces
  1827 | D:2      | Identified the +0 leather armour of the Turtle {*Slow rPois
                  | Will+ Stlth+}
  1872 | D:2      | Found a basalt altar of Yredelemnul.
  1947 | D:2      | Reached skill level 1 in Evocations
  2104 | D:2      | Noticed Natasha
  2244 | D:2      | Killed Natasha
  2245 | D:2      | Reached skill level 7 in Bows
  2245 | D:2      | Reached XP level 4. HP: 9/26 MP: 6/6
  2582 | D:2      | Found a faded altar of an unknown god.
  2691 | D:2      | Bought a scroll of teleportation for 36 gold pieces
  2697 | D:2      | Noticed Natasha
  2699 | D:2      | Killed Natasha
  2758 | D:2      | Noticed Natasha
  3138 | D:2      | Killed Natasha
  3139 | D:2      | Reached skill level 1 in Armour
  3186 | D:2      | Found Runn's General Store.
  3456 | D:2      | Found a faded altar of an unknown god.
  3488 | D:2      | Found a basalt altar of Yredelemnul.
  3702 | D:3      | Reached XP level 5. HP: 30/30 MP: 7/7
  4925 | D:3      | Reached XP level 6. HP: 36/36 MP: 8/8
  4987 | D:3      | Noticed Terence
  4995 | D:3      | Killed Terence
  5544 | D:4      | Found a staircase to the Ecumenical Temple.
  5656 | Temple   | Entered the Ecumenical Temple
  5994 | Temple   | Became a worshipper of Ashenzari the Shackled
  6027 | D:4      | Found a white marble altar of Elyvilon.
  6289 | D:4      | Reached skill level 8 in Bows
  6450 | D:4      | Reached XP level 7. HP: 29/41 MP: 9/9
  6595 | D:3      | HP: 2/41 [gnoll/+0 flail (3)]
  8090 | D:5      | Entered Level 5 of the Dungeon
  8396 | D:5      | Noticed Blork the orc
  8577 | D:5      | Noticed Prince Ribbit
  9109 | D:5      | Identified the +9 whip of Toama {vamp, rElec Will+}
  9115 | D:5      | Killed Blork the orc
  9221 | D:5      | Reached XP level 8. HP: 14/48 MP: 10/10
  9492 | D:5      | Noticed Sigmund
  9504 | D:5      | Killed Sigmund
  9505 | D:5      | Reached skill level 1 in Maces & Flails
  9505 | D:5      | Reached skill level 9 in Bows
  9640 | D:5      | Noticed Pikel
  9666 | D:5      | Killed Pikel
 10396 | D:5      | Killed Prince Ribbit
 10644 | D:6      | Reached XP level 9. HP: 49/52 MP: 11/11
 10723 | D:6      | Reached skill level 5 in Maces & Flails
 10742 | D:6      | Mangled by an ice beast

Illustrated notes

Levels and vault maps discovered:
D:1:      matt_arrival_refuge, layout_basic
D:2:      layout_basic, serial_shops, nicolae_shop_behind_doors,
          hellmonk_ecumenical_altar_heavens_door, basic_altar, minivault_25,
          minmay_misc_feat_tower, uniq_natasha
D:3:      layout_loops_ring, minmay_gold_behind_fungi, grunt_ministairs_1,
          minmay_quantized, uniq_terence
D:4:      layout_basic, elyvilon_altar_3, minmay_temple_entry_mist
D:5:      layout_basic, minmay_misc_feat_cross, minivault_27, uniq_pikel,
          uniq_prince_ribbit1, uniq_sigmund, uniq_blork_the_orc
D:6:      layout_basic
Temple:   mainiacjoe_temple_circle_huts

Skill      XL: |  1  2  3  4  5  6  7  8  9 |
---------------+----------------------------+-----
Bows           | 6 7 8 9 |  9.0
Evocations     | 1 2 3 4 |  4.7
Fighting       | 2 3 4 |  4.0
Armour         | 1 2 3 4 |  4.0
Maces & Flails | 4 5 |  5.1
Dodging        | |  2.4
Stealth        | |  1.2

Action                   |  1- 3 |  4- 6 |  7- 9 || total
-------------------------+-------+-------+-------++-------
Melee: Whip              |       |       |   121 ||   121
       Shortbow          |       |       |     3 ||     3
       Punch             |       |       |     2 ||     2
 Fire: Shortbow          |   104 |   164 |   166 ||   434
Invok: Curse Item        |       |       |     1 ||     1
Evoke: Wand              |       |     4 |       ||     4
  Use: Scroll            |     3 |     4 |     3 ||    10
       Potion            |     2 |     4 |     3 ||     9
Armor: Leather armour    |     5 |       |       ||     5
       Ring mail         |       |    23 |    54 ||    77
       Skin              |       |       |    14 ||    14
Dodge: Dodged            |    12 |    55 |    91 ||   158

Table legend: (Time is in decaauts)
 A = Elapsed time spent in this place.
 B = Non-inter-level travel time spent in this place.
 C = Inter-level travel time spent in this place.
 D = Time resting spent in this place.
 E = Time spent auto-exploring this place.
 F = Levels seen in this place.
 G = Mean time per level.
                   A        B        C        D        E       F      G
               +--------+--------+--------+--------+--------+-----+--------+
         Total |  10866 |  10188 |    678 |   4255 |   4614 |   7 | 1552.3 |
       Dungeon |  10511 |   9881 |    630 |   4255 |   4330 |   6 | 1751.8 |
        Temple |    355 |    307 |     48 |      0 |    284 |   1 |  355.0 |
               +--------+--------+--------+--------+--------+-----+--------+

Top non-repeatable levels by time:
     D:4: 2471 daAuts
     D:3: 2451 daAuts
     D:2: 1933 daAuts
     D:1: 1806 daAuts
     D:5: 1663 daAuts
  Temple: 355 daAuts
     D:6: 184 daAuts
